 Dungeon Crawl Stone Soup version 0.27-a0-1200-g94dc6ad4cf (webtiles) character file.

Game seed: 1923062787662189014

54 polve the Skirmisher (level 3, -3/29 HPs)
             Began as a Demonspawn Abyssal Knight on June 1, 2021.
             Was a Follower of Lugonu.
             Slain by an orc
             ... wielding a +1 vampiric trident
              (7 damage)
             ... on level 3 of the Dungeon.
             The game lasted 00:01:33 (2449 turns).

polve the Skirmisher (Demonspawn Abyssal Knight)    Turns: 2449, Time: 00:01:34

Health: -3/29      AC:  6    Str: 13    XL:     3   Next: 66%
Magic:  4/4        EV: 10    Int: 13    God:    Lugonu [*.....]
Gold:   82         SH:  0    Dex: 12    Spells: 2/2 levels left

rFire    . . .     SeeInvis .   d - +0 rapier
rCold    . . .     Faith    .   (no shield)
rNeg     . . .     Spirit   .   m - +0 ring mail
rPois    .         Reflect  .   (helmet restricted)
rElec    .         Harm     .   (no cloak)
rCorr    .         Rampage  .   j - +0 pair of gloves
Will     .....                  (no boots)
Stlth    +.........             (no amulet)
HPRegen  0.09/turn              (no ring)
MPRegen  0.09/turn              (no ring)

@: no status effects
A: horns 1
a: Renounce Religion, Depart the Abyss


You were on level 3 of the Dungeon.
You worshipped Lugonu.
Lugonu was aware of your devotion.
You visited 1 branch of the dungeon, and saw 3 of its levels.
You visited the Abyss 1 time.

You collected 82 gold pieces.

Inventory:

Hand Weapons
 a - a +1 falchion
 d - a +0 rapier (weapon)
Armour
 b - a +0 leather armour
 j - a +0 pair of gloves (worn)
 m - a +0 ring mail (worn)
Jewellery
 k - a ring of willpower
Scrolls
 f - a scroll of enchant armour {unknown}
 i - 2 scrolls of acquirement {unknown}
Potions
 c - a potion of curing {unknown}
 e - 2 potions of flight {unknown}
 g - a potion of heal wounds {unknown}
 h - a potion of might {unknown}
 l - a potion of invisibility {unknown}
 n - a potion of haste {unknown}


   Skills:
 - Level 3.0 Fighting
 + Level 2.6(3.1) Short Blades
 - Level 2.3(3.0) Long Blades
 - Level 1.7 Armour
 - Level 0.8 Dodging
 - Level 2.4 Invocations


You had 2 spell levels left.
You didn't know any spells.
Your spell library was empty.

Dungeon Overview and Level Annotations

Branches:
Dungeon (3/15)

Altars:


Innate Abilities, Weirdness & Mutations

You have a pair of small horns on your head.


Message History

You are too injured to fight recklessly!
The bat barely misses you.
A giant cockroach comes into view.
The orc throws a boomerang.
The boomerang hits you.
The orc hits you from afar with a +1 vampiric trident.
The bat hits you but does no damage.
The ball python bites you but does no damage.
The ball python grabs you. The ball python constricts you.
Found a war axe.
You escape the ball python's grasp.
The bat hits you. The bat hits you but does no damage.
The bat completely misses you. The ball python bites you.
The ball python grabs you. The ball python constricts you.
You escape the ball python's grasp.
The bat hits you but does no damage. The bat barely misses you.
The orc hits you from afar with a +1 vampiric trident.
The bat closely misses you. The bat barely misses you. The bat hits you.
* * * LOW HITPOINT WARNING * * *
The bat closely misses you. The bat closely misses you.
The bat barely misses you. The bat hits you but does no damage.
The bat closely misses you. The bat hits you but does no damage. x2
The orc wizard gestures at itself while chanting.
The orc wizard flickers and vanishes!
Deactivating autopickup; reactivate with Ctrl-A.
You hit the ball python.
You kill the ball python!
Lugonu accepts your kill. The bat barely misses you.
The bat closely misses you. The orc closely misses you. The bat hits you.
* * * LOW HITPOINT WARNING * * *
The bat barely misses you. The orc barely misses you. x2
The orc throws a boomerang.
The boomerang closely misses you. The bat hits you but does no damage. x3
The orc hits you with a +0 short sword.
* * * LOW HITPOINT WARNING * * *
The orc hits you from afar with a +1 vampiric trident!
You die...

+.... ##...#
#####....# #........#
#........#
#......o.#######
#######...o..o†.)....#
.
#............o.......#
.
#.........#Bgb@b.....#
.
#.........#..........#
#
#.........#..........#
#
#........B#..........#
..........#..........#
..........#.##########
## ..........#. ..
..#......... .. #
#......... ..


You could see 4 orcs, a giant cockroach, a hobgoblin and 2 bats.

Vanquished Creatures
  2 worms (D:2)
  2 dart slugs (D:2)
  4 ball pythons
  8 endoplasms
  A giant cockroach (D:1)
  5 goblins
  2 hobgoblins (D:2)
  2 jackals (D:1)
  3 quokkas
  A bat (D:2)
  3 frilled lizards
  5 kobolds
  3 rats
41 creatures vanquished.

Notes
Turn   | Place    | Note
-------+----------+-------------------------------------------
     0 | Abyss:1  | polve the Demonspawn Abyssal Knight began the quest for the
                  | Orb.
     0 | Abyss:1  | Reached XP level 1. HP: 18/18 MP: 2/2
    57 | Abyss:1  | Noticed a wraith
    74 | Abyss:1  | Noticed a chaos spawn
    78 | D:1      | Escaped the Abyss
   595 | D:1      | Gained mutation: You have a pair of small horns on your
                  | head. [demonic ancestry]
   595 | D:1      | Reached XP level 2. HP: 21/24 MP: 3/3
   928 | D:1      | Reached skill level 1 in Short Blades
  1166 | D:1      | Reached * piety under Lugonu
  1620 | D:2      | Reached XP level 3. HP: 19/29 MP: 4/4
  2449 | D:3      | Slain by an orc

Illustrated notes

Levels and vault maps discovered:
D:1:      lightli_arrival_flooded_house, layout_basic, corexii_leaking_fountain
D:2:      layout_basic
D:3:      layout_basic, pdpol_temple_overflow_zin_treasury_gozag_greed,
          hellmonk_ecumenical_altar_inner_sanctum, uniq_ijyb

Skill      XL: |  1  2  3 |
---------------+----------+-----
Long Blades    | 2 |  2.3
Short Blades   | 1 2 |  2.6
Fighting       | |  3.0
Armour         | |  1.7
Dodging        | |  0.8
Invocations    | |  2.4

Action                   || total
-------------------------++-------
Melee: Falchion          ||    14
       Rapier            ||    93
       Headbutt          ||    10
Invok: Depart the Abyss  ||     1
 Stab: Sleeping          ||     2
Armor: Leather armour    ||    20
       Ring mail         ||    13
Dodge: Dodged            ||    71
       Rpst.: Falchion   ||     3

Table legend: (Time is in decaauts)
 A = Elapsed time spent in this place.
 B = Non-inter-level travel time spent in this place.
 C = Inter-level travel time spent in this place.
 D = Time resting spent in this place.
 E = Time spent auto-exploring this place.
 F = Levels seen in this place.
 G = Mean time per level.
                   A        B        C        D        E       F      G
               +--------+--------+--------+--------+--------+-----+--------+
         Total |   2459 |   2405 |     54 |      0 |   2078 |   4 |  614.8 |
       Dungeon |   2381 |   2327 |     54 |      0 |   2022 |   3 |  793.7 |
         Abyss |     78 |     78 |      0 |      0 |     56 |   1 |   78.0 |
               +--------+--------+--------+--------+--------+-----+--------+

Top non-repeatable levels by time:
     D:1: 1426 daAuts
     D:2: 936 daAuts
 Abyss:1: 78 daAuts
     D:3: 17 daAuts
